 Dungeon Crawl Stone Soup version 0.26-a0-708-g17f3b190f9 (webtiles) character file.

Game seed: 17617209489468027378

590 jasper the Cudgeler (level 7, -3/41 HPs)
             Began as a Kobold Berserker on Oct 28, 2020.
             Was a Priest of Trog.
             Slain by an ogre
             ... wielding a +0 giant club
              (6 damage)
             ... while paralysed
             ... on level 5 of the Dungeon.
             The game lasted 00:04:31 (5124 turns).

jasper the Cudgeler (Kobold Berserker)              Turns: 5124, Time: 00:04:32

Health: -3/41      AC:  5    Str: 17    XL:     7   Next: 66%
Magic:  7/7        EV:  3    Int:  8    God:    Trog [***...]
Gold:   215        SH:  0    Dex: 14    Spells: 6/6 levels left

rFire    . . .     SeeInvis .   w - +0 flail
rCold    . . .     Faith    .   (shield restricted)
rNeg     . . .     Spirit   .   e - +0 ring mail
rPois    +         Reflect  .   (no helmet)
rElec    .         Harm     .   (no cloak)
rCorr    .         Rampage  .   (no gloves)
MR       .....                  (no boots)
Stlth    ++........             (no amulet)
HPRegen  0.13/turn              c - ring of poison resistance
MPRegen  0.10/turn              (no ring)

@: paralysed, berserk cooldown, slowed
A: small, nightstalker 3
a: Berserk, Trog's Hand, Renounce Religion


You were on level 5 of the Dungeon.
You worshipped Trog.
Trog was most pleased with you.
You visited 1 branch of the dungeon, and saw 5 of its levels.

You collected 215 gold pieces.

Inventory:

Hand Weapons
 a - a +0 mace
 w - a +0 flail (weapon)
Missiles
 j - 41 stones (quivered)
Armour
 b - a +0 animal skin
 e - a +0 ring mail (worn)
 n - a +0 chain mail
Jewellery
 c - a ring of poison resistance (left hand)
Wands
 h - a wand of iceblast (1)
 m - a wand of paralysis (15)
 u - a wand of random effects (17)
Scrolls
 d - 4 scrolls of remove curse
 i - 3 scrolls of teleportation
 k - a scroll of enchant weapon {unknown}
 l - 2 scrolls of enchant armour {unknown}
Potions
 f - 2 potions of degeneration
 g - 2 potions of mutation
 o - a potion of haste
 p - a potion of cancellation
 q - a potion of ambrosia {unknown}
 r - a potion of resistance {unknown}
 s - a potion of magic {unknown}
 t - a potion of might {unknown}
 v - 2 potions of stabbing {unknown}


   Skills:
 - Level 3.2 Fighting
 + Level 7.6 Maces & Flails
 - Level 1.5 Armour
 - Level 2.4 Dodging


You had 6 spell levels left.
You didn't know any spells.
Your spell library was empty.

Dungeon Overview and Level Annotations

Branches:
Dungeon (5/15)
 Temple: D:4-7

Altars:
Elyvilon
Fedhas
Gozag
Qazlal
Ru
Uskayaw
Vehumet
Zin

Shops:
D:4 }


Innate Abilities, Weirdness & Mutations

You are small and have problems with some larger weapons.
You are completely attuned to the shadows.


Message History

You kill the bat!
The bat's corpse disappears in a puff of smoke!
Eustachio hits you with a +0 rapier.
An ogre comes into view. It is wielding a +0 giant club.
You take 1 damage, and have 54/61 hp.
You thump Eustachio!
You kill Eustachio!
Trog accepts your kill.
Trog appreciates your killing of a magic user.
Items here: ! ) / [.
You feel a strong urge to attack something.
You are no longer berserk.
You pass out from exhaustion.
You feel yourself slow down. The ogre hits you with a +0 giant club!
The ogre hits you with a +0 giant club!!
Ouch! That really hurt!
* * * LOW HITPOINT WARNING * * *
The ogre hits you with a +0 giant club.
You die...

###.##.........#
#[.#.........#
##...........#
####.........####
...#.........#
...>..........#
......###.##.##
......)...##.#
.....@######.#
.....O# ####.####
......#
#.......##
.....##
.........##
.....##
.....<....#
......#
........>.#
......#
..........#
......#
.........##
......# ...#...##


You could see an ogre.

Vanquished Creatures
  Eustachio (D:5)
  Edmund (D:5)
  An ice beast (D:4)
  An iguana (D:5)
  An orc wizard (D:3)
  A bullfrog skeleton (D:4)
  A mummy (D:4)
  3 gnolls (D:5)
  An adder (D:3)
  An ooze (D:2)
  An adder skeleton (D:4)
  2 worms
  2 dart slugs
  4 leopard geckos
  6 orcs
  A ball python (D:2)
  13 bats
  2 giant cockroaches (D:3)
  9 goblins
  9 hobgoblins
  4 jackals (D:2)
  7 kobolds
  2 quokkas (D:3)
  5 frilled lizards
  2 hobgoblin zombies (D:4)
  2 orc zombies (D:4)
  10 rats
93 creatures vanquished.

Notes
Turn   | Place    | Note
-------+----------+-------------------------------------------
     0 | D:1      | jasper the Kobold Berserker began the quest for the Orb.
     0 | D:1      | Reached XP level 1. HP: 14/14 MP: 1/1
   359 | D:1      | Reached skill level 3 in Maces & Flails
   405 | D:1      | Reached XP level 2. HP: 19/19 MP: 2/2
  1144 | D:1      | Reached XP level 3. HP: 23/23 MP: 3/3
  1302 | D:1      | Reached ** piety under Trog
  1383 | D:1      | Reached skill level 4 in Maces & Flails
  1858 | D:2      | Reached XP level 4. HP: 27/28 MP: 4/4
  2119 | D:2      | Noticed an air elemental
  2121 | D:2      | Noticed an earth elemental
  2129 | D:2      | Found a stormy altar of Qazlal.
  2129 | D:2      | Noticed a water elemental
  2132 | D:2      | Noticed a fire elemental
  2364 | D:2      | Found an opulent altar of Gozag.
  2917 | D:3      | Found a glowing silver altar of Zin.
  3216 | D:3      | Reached XP level 5. HP: 23/32 MP: 5/5
  3365 | D:3      | Reached skill level 5 in Maces & Flails
  3785 | D:3      | Found a blossoming altar of Fedhas.
  3807 | D:4      | Found Tedeg's Gadget Emporium.
  3969 | D:4      | Found a hide-covered altar of Uskayaw.
  4246 | D:4      | Noticed an ice beast
  4258 | D:4      | Killed an ice beast
  4258 | D:4      | Reached *** piety under Trog
  4258 | D:4      | Reached skill level 6 in Maces & Flails
  4258 | D:4      | Reached XP level 6. HP: 37/37 MP: 6/6
  4399 | D:4      | Found a radiant altar of Vehumet.
  4402 | D:4      | Found a sacrificial altar of Ru.
  4405 | D:4      | Found a white marble altar of Elyvilon.
  4796 | D:5      | Entered Level 5 of the Dungeon
  4821 | D:5      | Noticed Edmund
  4830 | D:5      | Killed Edmund
  4830 | D:5      | Reached XP level 7. HP: 41/41 MP: 7/7
  4972 | D:5      | Reached skill level 7 in Maces & Flails
  5109 | D:5      | Noticed Eustachio
  5119 | D:5      | Killed Eustachio
  5124 | D:5      | Slain by an ogre

Illustrated notes

Levels and vault maps discovered:
D:1:      matt_arrival_los_fun, layout_basic, minmay_hexomino_f4
D:2:      layout_basic, nicolae_qazlal_style_of_elements, grunt_gozag_statues
D:3:      layout_basic, zin_scriptorium, fedhas_ov_isle_minmay, st_stairs_8
D:4:      layout_rooms, eat_drink_and_be_merry_uskayaw,
          grunt_temple_overflow_diamond, serial_shops, shop, minmay_mini_ossuary
D:5:      layout_rooms, serial_shops,
          nicolae_shop_temple_entry_statues_fountains, trog_hazing_becter,
          uniq_pikel, uniq_eustachio, uniq_edmund

Skill      XL: |  1  2  3  4  5  6  7 |
---------------+----------------------+-----
Maces & Flails | 3 4 6 7 |  7.6
Fighting       | |  3.2
Armour         | |  1.5
Dodging        | |  2.4

Action                   |  1- 3 |  4- 6 |  7- 9 || total
-------------------------+-------+-------+-------++-------
Melee: Mace              |   113 |   168 |     3 ||   284
       Flail             |       |       |    19 ||    19
Throw: Stone             |     1 |    10 |     1 ||    12
Invok: Berserk           |     1 |     5 |     2 ||     8
Evoke: Wand              |       |     3 |     5 ||     8
  Use: Scroll            |       |     6 |       ||     6
 Stab: Sleeping          |     3 |     8 |       ||    11
       Paralysed         |       |     4 |     3 ||     7
Armor: Animal skin       |     1 |       |       ||     1
       Ring mail         |    27 |    53 |     1 ||    81
Dodge: Dodged            |    82 |   124 |    18 ||   224

Table legend: (Time is in decaauts)
 A = Elapsed time spent in this place.
 B = Non-inter-level travel time spent in this place.
 C = Inter-level travel time spent in this place.
 D = Time resting spent in this place.
 E = Time spent auto-exploring this place.
 F = Levels seen in this place.
 G = Mean time per level.
                   A        B        C        D        E       F      G
               +--------+--------+--------+--------+--------+-----+--------+
         Total |   5244 |   5098 |    146 |   1302 |   3094 |   5 | 1048.8 |
       Dungeon |   5244 |   5098 |    146 |   1302 |   3094 |   5 | 1048.8 |
               +--------+--------+--------+--------+--------+-----+--------+

Top non-repeatable levels by time:
     D:1: 1759 daAuts
     D:2: 1167 daAuts
     D:4: 1022 daAuts
     D:3: 943 daAuts
     D:5: 351 daAuts
